 Dungeon Crawl Stone Soup version 0.27.1 (webtiles) character file.

Game seed: 1290711933858463532

247 chaosape the Shooter (level 6, 0/70 HPs)
             Began as a Gnoll Wanderer on Sept 2, 2021.
             Was a Believer of Qazlal.
             Slain by a gnoll (3 damage)
             ... on level 3 of the Dungeon.
             The game lasted 00:10:16 (3723 turns).

chaosape the Shooter (Gnoll Wanderer)               Turns: 3723, Time: 00:10:19

Health: 0/70       AC: 23    Str: 12    XL:     6   Next: 11%
Magic:  13/13      EV:  2    Int: 12    God:    Qazlal [**....]
Gold:   58         SH:  2    Dex: 12    Spells: 15/15 levels left

rFire    . . .     SeeInvis .   i - +1 short sword (venom)
rCold    . . .     Faith    .   (no shield)
rNeg     + + +     Spirit   .   (armour currently unavailable)
rPois    +         Reflect  .   (helmet currently unavailable)
rElec    .         Harm     .   (cloak currently unavailable)
rCorr    .         Rampage  .   (gloves currently unavailable)
Will     .....     NoTele   +   (boots currently unavailable)
Stlth    ++........             (no amulet)
HPRegen  0.21/turn              (no ring)
MPRegen  0.13/turn              (no ring)

@: lethally poisoned (0 -> -8), tree-form
A: stationary, stasis, torment immunity, boosted hp, (fangs 1), strong nose,
distributed training
a: Renounce Religion, Upheaval


You were on level 3 of the Dungeon.
You worshipped Qazlal.
Qazlal was pleased with you.
You were a tree.
You visited 1 branch of the dungeon, and saw 3 of its levels.

You collected 58 gold pieces.

Inventory:

Hand Weapons
 a - a +0 dagger
 i - a +1 short sword of venom (weapon)
Missiles
 j - 118 stones (quivered)
Armour
 c - a +2 scale mail (melded)
 k - a +0 scale mail
Magical Staves
 g - a staff of fire
Scrolls
 f - 2 scrolls of holy word {unknown}
 h - a scroll of teleportation
Potions
 e - a potion of flight {unknown}


   Skills:
 + Level 3.1 Fighting
 + Level 1.8 Short Blades
 + Level 1.8 Long Blades
 + Level 1.8 Axes
 + Level 1.8 Maces & Flails
 + Level 1.8 Polearms
 + Level 1.8 Staves
 + Level 1.8 Slings
 + Level 6.8 Bows
 + Level 1.8 Crossbows
 + Level 1.8 Throwing
 + Level 3.1 Armour
 + Level 1.8 Dodging
 + Level 4.5 Stealth
 + Level 1.8 Shields
 + Level 1.8 Unarmed Combat
 + Level 5.3 Spellcasting
 + Level 1.4 Conjurations
 + Level 1.4 Hexes
 + Level 1.4 Summonings
 + Level 1.4 Necromancy
 + Level 1.4 Translocations
 + Level 1.4 Transmutations
 + Level 1.4 Fire Magic
 + Level 2.5 Ice Magic
 + Level 1.4 Air Magic
 + Level 1.4 Earth Magic
 + Level 1.4 Poison Magic
 + Level 2.0 Invocations
 + Level 1.8 Evocations


You had 15 spell levels left.
You didn't know any spells.
Your spell library contained the following spells:

 Spells                   Type           Power      Damage    Failure   Level
 Corpse Rot               Necr/Air       N/A        N/A       16%         2
 Static Discharge         Conj/Air       6%         N/A       16%         2
 Sublimation of Blood     Necr           3%         N/A       16%         2
 Dazzling Flash           Conj/Hex       12%        N/A       32%         3
 Stone Arrow              Conj/Erth      12%        3d7       32%         3
 Iskenderun's Mystic Bla  Conj/Tloc      6%         2d4       71%         4
 Bolt of Magma            Conj/Fire/Erth 3%         4d5       96%         5
 Lightning Bolt           Conj/Air       3%         1d14      96%         5
 Starburst                Conj/Fire      3%         6d3       100%        6
 Maxwell's Capacitive Co  Air            3%         ∞         100%        8
 Shatter                  Erth           3%         3d7*      100%        9


Dungeon Overview and Level Annotations

Branches:
Dungeon (3/15)

Altars:
Elyvilon
Qazlal
Trog

Annotations:
D:2 1 runed translucent door, Crazy Yiuf


Innate Abilities, Weirdness & Mutations

You are a tree.
Your roots penetrate the ground, keeping you stationary.
You cannot be teleported.
You are immune to unholy pain and torment.
Your maximum health is greatly increased.
Your equipment is partially melded.
((You have very sharp teeth.))
Your uncanny sense of smell can sniff out nearby items.
Your experience applies equally to all skills.


Message History

You struggle against the net.
A gnoll comes into view. It is wielding a +0 flail.
The gnoll hits you but does no damage.
The gnoll hits you from afar with a +0 spear.
You shred the net and break free!
The gnoll throws a throwing net.
The throwing net hits you.
You become entangled in the net!
The gnoll hits you from afar with a +0 spear. x2
You struggle against the net.
The gnoll barely misses you. The gnoll hits you but does no damage.
The gnoll hits you from afar with a +0 spear.
You struggle against the net.
The gnoll hits you from afar with a +2 spear of venom.
* * * LOW HITPOINT WARNING * * *
You are poisoned.
The gnoll hits you from afar with a +0 spear.
* * * LOW HITPOINT WARNING * * *
The gnoll barely misses you.
You feel better.
The gnoll hits you from afar with a +2 spear of venom.
* * * LOW HITPOINT WARNING * * *
You are lethally poisoned!
The gnoll hits you from afar with a +0 spear.
* * * LOW HITPOINT WARNING * * *
The gnoll hits you but does no damage. The gnoll hits you with a +0 flail.
* * * LOW HITPOINT WARNING * * *
Unknown command.
You rip the net and break free!
* * * LOW HITPOINT WARNING * * *
You feel very sick. You block the gnoll's attack. The gnoll barely misses you.
The gnoll completely misses you.
Really quaff the potion of lignification?
You turn into a tree.
Your +2 scale mail melds into your body.
Your roots penetrate the ground.
* * * LOW HITPOINT WARNING * * *
You feel very sick. The gnoll completely misses you.
The gnoll hits you but does no damage.
The gnoll hits you from afar with a +0 spear.
You die...

....#.... P.≈≈.......
.P≈≈.##.. .
♣PP.....###.#########
♣♣.P......#.#.......###
P♣.♣....#.#.'.......'.'
..P♣....#.# #....g..#
.♣.♣....#.# #.......#
♣♣.P....#.###...♣.g.#
♣P......#.##..†§g.......
..≈≈......##.####g####.#
P.≈≈###.#.##.# ..# ##.##
#.#....# .... ...#
#.###### ..##. ##.# #..
#.. #.# #.# #.. #. #.#


You could see 4 gnolls.

Vanquished Creatures
  Sigmund (D:2)
  2 adders
  3 worms (D:3)
  An orc (D:3)
  7 bats
  3 endoplasms
  5 giant cockroaches (D:1)
  5 goblins
  3 hobgoblins
  2 jackals (D:3)
  5 kobolds
  2 quokkas (D:2)
  12 ball pythons
  A frilled lizard (D:2)
  9 rats
61 creatures vanquished.

Notes
Turn   | Place    | Note
-------+----------+-------------------------------------------
     0 | D:1      | chaosape the Gnoll Wanderer began the quest for the Orb.
     0 | D:1      | chaosape set off with the following items: a +0 dagger, a
                  | potion of curing, a +2 scale mail; and the following spells
                  | available to memorise: Corpse Rot, Sublimation of Blood
     0 | D:1      | Reached XP level 1. HP: 17/17 MP: 6/6
   428 | D:1      | Reached XP level 2. HP: 22/23 MP: 7/7
   813 | D:1      | Found a faded altar of an unknown god.
   826 | D:1      | Became a worshipper of Qazlal Stormbringer
   826 | D:1      | Reached * piety under Qazlal
  1003 | D:1      | Reached XP level 3. HP: 24/28 MP: 9/9
  1105 | D:2      | Reached skill level 5 in Spellcasting
  1396 | D:2      | Reached skill level 1 in Invocations
  2616 | D:2      | Noticed Sigmund
  2639 | D:2      | Killed Sigmund
  2639 | D:2      | Reached ** piety under Qazlal
  2640 | D:2      | Reached skill level 1 in Short Blades
  2640 | D:2      | Reached skill level 1 in Long Blades
  2640 | D:2      | Reached skill level 1 in Axes
  2640 | D:2      | Reached skill level 1 in Maces & Flails
  2640 | D:2      | Reached skill level 1 in Polearms
  2640 | D:2      | Reached skill level 1 in Staves
  2640 | D:2      | Reached skill level 1 in Slings
  2640 | D:2      | Reached skill level 1 in Crossbows
  2640 | D:2      | Reached skill level 1 in Throwing
  2640 | D:2      | Reached skill level 1 in Dodging
  2640 | D:2      | Reached skill level 1 in Shields
  2640 | D:2      | Reached skill level 1 in Unarmed Combat
  2640 | D:2      | Reached skill level 1 in Conjurations
  2640 | D:2      | Reached skill level 1 in Hexes
  2640 | D:2      | Reached skill level 1 in Summonings
  2640 | D:2      | Reached skill level 1 in Necromancy
  2640 | D:2      | Reached skill level 1 in Translocations
  2640 | D:2      | Reached skill level 1 in Transmutations
  2640 | D:2      | Reached skill level 1 in Fire Magic
  2640 | D:2      | Reached skill level 1 in Air Magic
  2640 | D:2      | Reached skill level 1 in Earth Magic
  2640 | D:2      | Reached skill level 1 in Poison Magic
  2640 | D:2      | Reached skill level 1 in Evocations
  2640 | D:2      | Reached XP level 4. HP: 22/35 MP: 11/11
  2640 | D:2      | Reached XP level 5. HP: 25/41 MP: 12/12
  3133 | D:2      | Found a runed translucent door.
  3134 | D:2      | Noticed Crazy Yiuf
  3258 | D:3      | Reached XP level 6. HP: 42/47 MP: 13/13
  3342 | D:3      | Found a bloodstained altar of Trog.
  3350 | D:3      | Found a white marble altar of Elyvilon.
  3723 | D:3      | HP: 3/70 [poisoned by a gnoll]
  3723 | D:3      | Slain by a gnoll

Illustrated notes

Levels and vault maps discovered:
D:1:      lemuel_arrival_broad_hall, layout_basic,
          ebering_ecumenical_altar_abandoned
D:2:      layout_basic, kennysheep_potato, uniq_sigmund, uniq_crazy_yiuf_cottage
D:3:      layout_basic, nicolae_elyvilon_peaceful_grove,
          mainiacjoe_overflow_small_starburst, lemuel_doored_altar,
          minmay_stone_trees_small, minmay_misc_feat_encased

Skill      XL: |  1  2  3  4  5  6 |
---------------+-------------------+-----
Ice Magic      | 2 |  2.5
Spellcasting   | 5 |  5.3
Invocations    | 1 2 |  2.0
Fighting       | 3 |  3.1
Short Blades   | 1 |  1.8
Long Blades    | 1 |  1.8
Axes           | 1 |  1.8
Maces & Flails | 1 |  1.8
Polearms       | 1 |  1.8
Staves         | 1 |  1.8
Slings         | 1 |  1.8
Crossbows      | 1 |  1.8
Throwing       | 1 |  1.8
Armour         | 3 |  3.1
Dodging        | 1 |  1.8
Shields        | 1 |  1.8
Unarmed Combat | 1 |  1.8
Conjurations   | 1 |  1.4
Hexes          | 1 |  1.4
Summonings     | 1 |  1.4
Necromancy     | 1 |  1.4
Translocations | 1 |  1.4
Transmutations | 1 |  1.4
Fire Magic     | 1 |  1.4
Air Magic      | 1 |  1.4
Earth Magic    | 1 |  1.4
Poison Magic   | 1 |  1.4
Evocations     | 1 |  1.8
Bows           | |  6.8
Stealth        | |  4.5

Action                   |  1- 3 |  4- 6 || total
-------------------------+-------+-------++-------
Melee: Dagger            |   195 |       ||   195
       Bite              |    10 |    10 ||    20
       Punch             |     1 |       ||     1
       Short sword       |    12 |    64 ||    76
Throw: Stone             |     1 |       ||     1
  Use: Scroll            |     4 |       ||     4
       Potion            |     1 |     2 ||     3
Armor: Scale mail        |   135 |    40 ||   175
       Skin              |       |     1 ||     1
Dodge: Dodged            |    70 |    35 ||   105
Block: Other             |     7 |     5 ||    12
